 Dungeon Crawl Stone Soup version 0.30-a0-591-g3c58d2bc28 (webtiles) character file.

Game seed: 9880476615597223872

519 spardeous the Geomancer (level 7, -6/27 HPs)
             Began as a Felid Earth Elementalist on Jan 4, 2023.
             Was an Initiate of Gozag.
             Mangled by an ogre
             ... wielding a +0 giant club
              (29 damage)
             ... on level 6 of the Dungeon on Jan 5, 2023.
             The game lasted 00:11:06 (5245 turns).

spardeous the Geomancer (Felid Earth Elementalist)  Turns: 5245, Time: 00:11:07

Health: -6/27      AC:  2    Str:  4    XL:     7   Next: 1%
Magic:  1/20       EV: 19    Int: 18    God:    Gozag
Gold:   264        SH:  0    Dex: 17    Spells: 2/10 levels left
                                        Lives:  0   Deaths: 2

rFire   . . .      SeeInvis +    (weapon unavailable)
rCold   . . .      Faith    .    (shield unavailable)
rNeg    . . .      Spirit   .    (body armour unavailable)
rPois   .          Reflect  .    (helmet unavailable)
rElec   .          Harm     .    (cloak unavailable)
rCorr   .          Rampage  .    (gloves unavailable)
Will    +....                    (boots unavailable)
Stlth   ++                       (no amulet)
HPRegen 0.24/turn                e - ring of magical power
MPRegen 0.17/turn                (no ring)

@: gold aura, very slightly contaminated, quick
A: very small, claws 1, fangs 3, see invisible, speed 1, shaggy fur 2, stealthy
paws, no weapons or thrown items, no armour, multi-lived
a: Renounce Religion, Potion Petition, Call Merchant, Bribe Branch


You were on level 6 of the Dungeon.
You worshipped Gozag.
Gozag was aware of your devotion.
You visited 1 branch of the dungeon, and saw 6 of its levels.

You collected 336 gold pieces.
You paid 72 gold pieces to Gozag.

Inventory:

Jewellery
 e - a ring of magical power (left paw)
 m - a ring of fire
Wands
 g - a wand of flame (24)
 w - a wand of roots (9)
 C - a wand of mindburst (16)
Scrolls
 b - 2 scrolls of enchant armour {unknown}
 c - 4 scrolls of identify {unknown}
 d - a scroll of noise {unknown}
 j - a scroll of magic mapping {unknown}
 p - 2 scrolls of summoning {unknown}
 q - a scroll of poison {unknown}
 r - a scroll of vulnerability {unknown}
 t - a scroll of fog {unknown}
 x - 3 scrolls of teleportation {unknown}
 y - a scroll of brand weapon {unknown}
 z - a scroll of amnesia {unknown}
 B - 2 scrolls of immolation {unknown}
Potions
 a - a potion of magic
 f - 2 potions of attraction {unknown}
 h - a potion of ambrosia {unknown}
 i - a potion of degeneration {unknown}
 k - 2 potions of brilliance {unknown}
 l - a potion of heal wounds {unknown}
 n - a potion of haste {unknown}
 o - 2 potions of mutation {unknown}
 s - 2 potions of lignification {unknown}
 u - 2 potions of berserk rage {unknown}
 v - a potion of curing
 A - 3 potions of might {unknown}


   Skills:
 - Level 5.1 Dodging
 - Level 2.6 Stealth
 - Level 2.0 Spellcasting
 + Level 4.1 Conjurations
 - Level 1.1 Transmutations
 + Level 9.1 Earth Magic


You had 2 spell levels left.
You knew the following spells:

 Your Spells              Type           Power      Damage    Failure   Level
a - Sandblast             Erth           68%        2d15      1%          1
b - Stone Arrow           Conj/Erth      50%        3d10      3%          3
c - Petrify               Tmut/Erth      20%        N/A       22%         4

Your spell library contained the following spells:

 Spells                   Type           Power      Damage    Failure   Level
 Passwall                 Tmut/Erth      16%        N/A       3%          2
 Olgreb's Toxic Radiance  Pois           1%         N/A       87%         4
 Ozocubu's Refrigeration  Ice            0%         4d7       100%        7
 Ignition                 Fire           0%         3d3       100%        8


Dungeon Overview and Level Annotations

Branches:
Dungeon (6/15)
 Temple: D:4-7

Altars:
Cheibriados
Gozag
Ru
Trog
Wu Jian

Shops:
D:2 *   D:4 (

Annotations:
D:5 1 transporter, Blork the orc
D:6 Maggie


Innate Abilities, Weirdness & Mutations

You have sharp claws.
You have razor-sharp teeth.
You have supernaturally acute eyesight. (SInv)
You cover ground quickly. (Speed+)
You are covered in thick fur. (AC +2)
Your paws help you pounce on unaware monsters.
You are incapable of wielding weapons or throwing items.
You cannot wear armour.
You gain extra lives every three experience levels.


Message History

Casting: Stone Arrow (dangerous; 3% risk of failure)
Confirm with . or Enter, or press ? or * to list all spells.
Aiming: Stone Arrow (dangerous; 3% risk of failure)
Press: ? - help, Shift-Dir - straight line, f/p - ogre
Aim: an ogre, wielding a +0 giant club (moderately wounded, 86% to hit)
You miscast Stone Arrow.
Nothing appears to happen.
Casting: Stone Arrow (dangerous; 3% risk of failure)
Confirm with . or Enter, or press ? or * to list all spells.
Aiming: Stone Arrow (dangerous; 3% risk of failure)
Press: ? - help, Shift-Dir - straight line, f/p - ogre
Aim: an ogre, wielding a +0 giant club (moderately wounded, 86% to hit)
The stone arrow hits Maggie!
Maggie is lightly wounded.
A hound comes into view.
Maggie casts a spell.
Maggie attempts to bespell you! You resist with almost no effort.
Casting: Stone Arrow (dangerous; 3% risk of failure)
Confirm with . or Enter, or press ? or * to list all spells.
You don't have enough magic to cast this spell.
Unknown command.
Casting: Stone Arrow (dangerous; 3% risk of failure)
Confirm with . or Enter, or press ? or * to list all spells.
You don't have enough magic to cast this spell.
Unknown command.
Casting: Stone Arrow (dangerous; 3% risk of failure)
Confirm with . or Enter, or press ? or * to list all spells.
You don't have enough magic to cast this spell.
Unknown command.
Casting: Stone Arrow (dangerous; 3% risk of failure)
Confirm with . or Enter, or press ? or * to list all spells.
You don't have enough magic to cast this spell.
Unknown command.
The ogre is no longer distracted by gold.
Maggie points at you and mumbles some strange words.
The bolt of fire misses you. Maggie completely misses you.
The ogre hits you with a +0 giant club!!
Ouch! That really hurt!
You die...
Your body crumbles into a pile of gold.

######## ########
#......# ###......#
#......# #.....@..#
#......#
##......O.###
#......#
#$.....h@$..#
.......#
#.##.....$###
.......###.#.......#
...........#.......#
...................#
...................#
............##.#####


You could see Maggie, an ogre and a hound.

Vanquished Creatures
  Pikel (D:4)
  3 black bears (D:5)
  A centaur (D:5)
  An ogre (D:5)
  2 lemures (D:3)
  2 bullfrogs (D:6)
  A scorpion (D:4)
  A necrophage (D:5)
  A jelly (D:6)
  3 hounds
  2 orc priests (D:5)
  An iguana (D:5)
  4 orc wizards (D:5)
  2 gnolls (D:6)
  5 adders
  8 worms
  2 dart slugs
  8 orcs
  3 ball pythons (D:2)
  4 endoplasms
  4 giant cockroaches
  5 goblins
  5 hobgoblins
  14 jackals
  6 quokkas
  8 bats
  4 frilled lizards
  7 kobolds
  8 rats
116 creatures vanquished.

Vanquished Creatures (others)
  3 plants
3 creatures vanquished.

Grand Total: 119 creatures vanquished

Notes
Turn   | Place    | Note
-------+----------+-------------------------------------------
     0 | D:1      | spardeous the Felid Earth Elementalist began the quest for
                  | the Orb.
     0 | D:1      | Reached XP level 1. HP: 7/7 MP: 4/4
   420 | D:1      | Reached skill level 3 in Earth Magic
   420 | D:1      | Reached XP level 2. HP: 8/11 MP: 3/6
   716 | D:1      | Found a faded altar of an unknown god.
   966 | D:2      | You fall into a shaft and drop 1 floor!
  1149 | D:2      | Reached XP level 3. HP: 14/14 MP: 7/7
  1501 | D:2      | Found Caodwurghe's Assorted Antiques.
  1552 | D:2      | Reached XP level 4. HP: 14/18 MP: 8/8
  2061 | D:3      | Found a sacrificial altar of Ru.
  2176 | D:3      | Learned a level 3 spell: Stone Arrow
  2549 | D:3      | Found a bloodstained altar of Trog.
  2697 | D:4      | Reached skill level 5 in Dodging
  2697 | D:4      | Reached skill level 4 in Earth Magic
  2709 | D:4      | Noticed a lemure
  2710 | D:4      | Noticed Pikel
  2713 | D:4      | Noticed a lemure
  2786 | D:3      | Killed a lemure
  2832 | D:3      | Killed a lemure
  2855 | D:4      | Found Doushroow's Weapon Boutique.
  2917 | D:4      | Noticed a lemure
  2919 | D:4      | Noticed a lemure
  3276 | D:4      | Killed Pikel
  3277 | D:4      | Reached skill level 6 in Earth Magic
  3277 | D:4      | Reached XP level 5. HP: 15/21 MP: 9/9
  3277 | D:4      | Gained mutation: You are covered in thick fur. (AC +2)
                  | [Felid growth]
  3277 | D:4      | Reached XP level 6. HP: 18/24 MP: 10/10
  3277 | D:4      | Reached XP level 7. HP: 20/27 MP: 11/11
  3479 | D:4      | Reached skill level 7 in Earth Magic
  3555 | D:5      | Entered Level 5 of the Dungeon
  3839 | D:5      | Found a transporter.
  3851 | D:5      | Found a transporter.
  3888 | D:5      | Reached skill level 1 in Conjurations
  3888 | D:5      | Reached skill level 8 in Earth Magic
  3936 | D:5      | Reached XP level 8. HP: 31/31 MP: 12/12
  4004 | D:5      | Found an opulent altar of Gozag.
  4116 | D:5      | Became a worshipper of Gozag Ym Sagoz the Greedy
  4169 | D:5      | Noticed Blork the orc
  4237 | D:5      | Found an ornate altar of the Wu Jian Council.
  4403 | D:5      | Learned a level 4 spell: Petrify
  4791 | D:5      | Found a snail-covered altar of Cheibriados.
  5096 | D:5      | Killed from afar by an electric eel
  5097 | D:5      | Reached XP level 7. HP: -5/27 MP: 18/20
  5160 | D:6      | Reached skill level 9 in Earth Magic
  5203 | D:6      | Shot with an arrow by a centaur
  5204 | D:6      | Reached XP level 6. HP: -9/24 MP: 14/19
  5219 | D:6      | Noticed Maggie
  5236 | D:6      | Reached XP level 7. HP: 21/27 MP: 11/11
  5245 | D:6      | Mangled by an ogre

Illustrated notes

Levels and vault maps discovered:
D:1:      wander_arrival_lonely_grave, layout_basic,
          shapermc_ecumenical_altar_pompeii
D:2:      layout_basic, serial_shops, nicolae_shop_behind_doors, serial_bayou,
          serial_bayou_lake_a, serial_bayou_crossing, serial_bayou_lagoon_b,
          serial_bayou_shore_b
D:3:      layout_rooms, nicolae_ru_sacrificial_ziggurat, bloody_trog,
          minmay_quantized
D:4:      layout_rooms, serial_shops, shop, minivault_14, uniq_pikel
D:5:      gammafunk_steamed_eel, layout_layer_cave, grunt_gozag_statues,
          pdpol_wu_jian_five_deadly_venoms, chei_slow_surprise,
          grunt_ministairs_1, nicolae_wormholes, uniq_blork_the_orc
D:6:      layout_rooms, mainiacjoe_overflow_boulevard,
          minmay_temple_entry_from_below_a, minmay_fractal_squares_diagonal_5,
          uniq_maggie

Skill      XL: |  1  2  3  4  5  6  7  8 |
---------------+-------------------------+-----
Dodging        | 3 4 5 |  5.1
Earth Magic    | 3 6 9 |  9.1
Conjurations   | 4 1 3 |  4.1
Stealth        | |  2.6
Spellcasting   | |  2.0
Transmutations | |  1.1

Action                   |  1- 3 |  4- 6 |  7- 9 || total
-------------------------+-------+-------+-------++-------
Melee: Unarmed           |     4 |       |     5 ||     9
       Bite              |       |       |     1 ||     1
 Cast: Sandblast         |    74 |    72 |    82 ||   228
       Stone Arrow       |       |       |     9 ||     9
Evoke: Wand              |       |    10 |       ||    10
Armor: Skin              |       |     1 |       ||     1
Dodge: Dodged            |    50 |    26 |    24 ||   100

Table legend: (Time is in decaauts)
 A = Elapsed time spent in this place.
 B = Non-inter-level travel time spent in this place.
 C = Inter-level travel time spent in this place.
 D = Time resting spent in this place.
 E = Time spent auto-exploring this place.
 F = Levels seen in this place.
 G = Mean time per level.
                   A        B        C        D        E       F      G
               +--------+--------+--------+--------+--------+-----+--------+
         Total |   4695 |   4530 |    165 |     10 |   3338 |   6 |  782.5 |
       Dungeon |   4695 |   4530 |    165 |     10 |   3338 |   6 |  782.5 |
               +--------+--------+--------+--------+--------+-----+--------+

Top non-repeatable levels by time:
     D:5: 1375 daAuts
     D:2: 976 daAuts
     D:1: 827 daAuts
     D:3: 767 daAuts
     D:4: 629 daAuts
     D:6: 119 daAuts
